 Dungeon Crawl Stone Soup version 0.30.1 (webtiles) character file.

Game seed: 8446085093564862299

4391 Graphine the Skirmisher (level 10, -10/74 (82) HPs)
             Began as a Human Hunter on July 10, 2023.
             Was a Follower of Fedhas.
             Mangled by a wight
             ... wielding a +2 morningstar
              (16 damage)
             ... on level 7 of the Dungeon.
             The game lasted 00:18:48 (6550 turns).

Graphine the Skirmisher (Human Hunter)              Turns: 6550, Time: 00:18:48

HP:   -10/74 (82)   AC:  7    Str: 11    XL:     10   Next: 61%
MP:   10/10         EV: 17    Int: 11    God:    Fedhas [*.....]
Gold: 421           SH:  0    Dex: 20    Spells: 9/9 levels left

rFire   . . .        a - +4 shortbow (drain)
rCold   . . .        (shield currently unavailable)
rNeg    . . .        c - +0 leather armour
rPois   +            n - +0 helmet
rElec   .            (no cloak)
rCorr   .            m - +1 pair of gloves
SInv    .            f - +0 pair of boots
Will    .....        y - amulet of the acrobat
Stlth   ++           t - ring of poison resistance
HPRegen 0.32/turn    (no ring)
MPRegen 0.12/turn

%: acrobat
@: drained
A: no striking features
a: Renounce Religion


You were on level 7 of the Dungeon.
You worshipped Fedhas.
Fedhas was aware of your devotion.
You visited 2 branches of the dungeon, and saw 8 of its levels.

You collected 421 gold pieces.

Inventory:

Hand Weapons
 a - a +4 shortbow of draining (weapon)
 l - a +2 dagger of electrocution
 B - a +1 dagger of venom
Missiles
 g - a throwing net
Armour
 c - a +0 leather armour (worn)
 f - a +0 pair of boots (worn)
 m - a +1 pair of gloves (worn)
 n - a +0 helmet (worn)
Magical Staves
 q - a staff of death
 w - a staff of earth
Jewellery
 e - a ring of flight
 h - an amulet of guardian spirit
 t - a ring of poison resistance (left hand)
 x - an amulet of regeneration
 y - an amulet of the acrobat (around neck)
 z - a ring of wizardry
Wands
 D - a wand of charming (3)
Scrolls
 b - 2 scrolls of immolation
 p - 3 scrolls of teleportation
 s - a scroll of identify
 v - a scroll of silence
Potions
 d - 5 potions of curing
 i - a potion of flight
 j - 3 potions of mutation
 k - 2 potions of might
 o - 2 potions of magic
 r - 2 potions of heal wounds {unknown}
 A - 2 potions of attraction
 C - a potion of berserk rage {unknown}
 E - 2 potions of ambrosia {unknown}
 I - 2 potions of haste {unknown}


   Skills:
 + Level 8.8 Fighting
 + Level 9.5 Ranged Weapons
 + Level 8.8 Dodging
 - Level 1.2 Stealth


You had 9 spell levels left.
You didn't know any spells.
Your spell library contained the following spells:

 Spells                   Type           Power      Damage    Failure   Level
 Magic Dart               Conj           0%         1d3       43%         1
 Shock                    Conj/Air       0%         1d3       43%         1
 Summon Small Mammal      Summ           0%         N/A       43%         1
 Ensorcelled Hibernation  Hex/Ice        0%         N/A       56%         2
 Passwall                 Tmut/Erth      0%         N/A       56%         2
 Searing Ray              Conj           0%         2d4       56%         2
 Call Canine Familiar     Summ           0%         N/A       80%         3
 Dazzling Flash           Conj/Hex       0%         N/A       80%         3
 Portal Projectile        Hex/Tloc       0%         N/A       80%         3
 Summon Guardian Golem    Hex/Summ       0%         N/A       80%         3
 Swiftness                Air            0%         N/A       80%         3
 Volatile Blastmotes      Fire/Tloc      0%         2d10      80%         3
 Airstrike                Air            0%         2d(0-16)  99%         4
 Fulminant Prism          Conj/Hex       0%         3d5       99%         4
 Iskenderun's Mystic Bla  Conj/Tloc      0%         2d3       99%         4
 Leda's Liquefaction      Hex/Erth       0%         N/A       99%         4
 Starburst                Conj/Fire      0%         6d3       100%        6


Dungeon Overview and Level Annotations

Branches:
Dungeon (7/15)             Temple (1/1) D:6

Altars:
Ashenzari
Cheibriados
Dithmenos
Elyvilon
Fedhas
Gozag
Hepliaklqana
Kikubaaqudgha
Makhleb
Nemelex Xobeh
Okawaru
Qazlal
Sif Muna
Trog
Uskayaw
Vehumet
Wu Jian
Xom
Yredelemnul
Zin

Shops:
D:2 *(!   D:6 [(([   D:7 !=


Message History

Aim: a wight, wielding a +2 morningstar and wearing a +0 robe (moderately damaged, 73% to hit)
You shoot an arrow. The arrow hits the wight.
The wight is heavily damaged.
The wight barely misses you.
Fire: a) +4 shortbow (drain)
Press: ? - help, Q - select action, (/) - cycle Shift-Dir - straight line, f/p - wight
Aim: a wight, wielding a +2 morningstar and wearing a +0 robe (heavily damaged, 73% to hit)
You shoot an arrow. The arrow barely misses the wight.
The wight misses you.
Fire: a) +4 shortbow (drain)
Press: ? - help, Q - select action, (/) - cycle Shift-Dir - straight line, f/p - wight
Aim: a wight, wielding a +2 morningstar and wearing a +0 robe (heavily damaged, 73% to hit)
You shoot an arrow. The arrow hits the wight.
The wight is severely damaged.
The wight barely misses you.
Fire: a) +4 shortbow (drain)
Press: ? - help, Q - select action, (/) - cycle Shift-Dir - straight line, f/p - wight
Aim: a wight, wielding a +2 morningstar and wearing a +0 robe (severely damaged, 73% to hit)
You shoot an arrow. The arrow hits the wight.
The wight is almost destroyed.
The wight hits you with a +2 morningstar.
* * * LOW HITPOINT WARNING * * *
Fire: a) +4 shortbow (drain)
Press: ? - help, Q - select action, (/) - cycle Shift-Dir - straight line, f/p - wight
Aim: a wight, wielding a +2 morningstar and wearing a +0 robe (almost destroyed, 73% to hit)
You shoot an arrow.
The arrow hits the wight but does no damage.
The wight is almost destroyed.
The wight hits you with a +2 morningstar.
* * * LOW HITPOINT WARNING * * *
You feel drained.
* * * LOW HITPOINT WARNING * * *
Fire: a) +4 shortbow (drain)
Press: ? - help, Q - select action, (/) - cycle Shift-Dir - straight line, f/p - wight
Aim: a wight, wielding a +2 morningstar and wearing a +0 robe (almost destroyed, 73% to hit)
You shoot an arrow. The arrow hits the wight.
The wight is almost destroyed.
The wight hits you with a +2 morningstar!
You die...
Fedhas appreciates your contribution to the ecosystem.

#P.≈.≈.........##
#.[.###..#.##.......#
#...###'##...<###....
#...##......#.# ###..
...#.......+.# ##.
♣..#.......#.# ##
♣..#.#)##....# #
♣♣.z#)#÷##.##.#######
#...@)#.##.##....##..
#######.##.##......#.
##...########'''##
##...## ######...##
#....# #...##...##
#.####....#
..☼○.#.⌠.#.
#......<..+
○○○..#...#.
#######...#
°°°○.#...#. #...#
#°°.##...##


You could see a wight.

Vanquished Creatures
  The ghost of Beaer the Cleaver, a novice HOFi of Okawaru (D:6)
  A hornet (D:7)
  Sigmund (D:5)
  6 yaks (D:7)
  Duvessa (D:5)
  2 orc warriors
  4 sky beasts
  A black bear (D:6)
  3 ice beasts
  An ogre (D:4)
  2 centaurs (D:5)
  A phantom (D:3)
  3 scorpions
  7 wights
  Dowan (D:5)
  An electric eel (D:7)
  A howler monkey (D:4)
  5 hounds
  A jelly (D:3)
  6 orc priests
  Jessica (D:2)
  2 iguanas
  An orc wizard (D:7)
  13 adders
  2 shadow imps
  A white imp (D:6)
  2 ufetubi
  3 worms
  A dart slug (D:2)
  26 orcs
  7 ball pythons
  10 endoplasms
  2 giant cockroaches
  8 goblins
  2 hobgoblins
  4 jackals (D:2)
  4 quokkas
  5 bats
  3 frilled lizards
  6 kobolds
  6 rats
158 creatures vanquished.

Notes
Turn   | Place    | Note
-------+----------+-------------------------------------------
     0 | D:1      | Graphine the Human Hunter began the quest for the Orb.
     0 | D:1      | Reached XP level 1. HP: 16/16 MP: 1/1
   112 | D:1      | Reached XP level 2. HP: 2/22 MP: 2/2
   787 | D:2      | Reached XP level 3. HP: 28/28 MP: 3/3
   846 | D:2      | Reached XP level 4. HP: 34/34 MP: 4/4
   865 | D:2      | Found Zoicaugo's Antique Weapon Shop.
  1045 | D:2      | Noticed Jessica
  1049 | D:2      | Killed Jessica
  1050 | D:2      | Reached XP level 5. HP: 41/41 MP: 5/5
  1055 | D:2      | Found Poitedy's Distillery.
  1190 | D:2      | Found Ukkaogie's Assorted Antiques.
  1350 | D:3      | Found a faded altar of an unknown god.
  1455 | D:3      | Noticed a phantom
  1461 | D:3      | Found an ancient bone altar of Kikubaaqudgha.
  1461 | D:3      | Found a transporter.
  1467 | D:3      | Found a transporter.
  1956 | D:3      | Reached skill level 5 in Ranged Weapons
  1964 | D:3      | Reached XP level 6. HP: 47/47 MP: 6/6
  2229 | D:4      | Reached XP level 7. HP: 41/54 MP: 4/7
  2565 | D:4      | Reached skill level 6 in Ranged Weapons
  2640 | D:4      | Noticed a +0 dagger
  2640 | D:4      | Noticed a +0 hand axe
  2641 | D:4      | Found a hide-covered altar of Uskayaw.
  2985 | D:5      | Entered Level 5 of the Dungeon
  2991 | D:5      | Reached skill level 5 in Fighting
  2994 | D:5      | Reached skill level 5 in Dodging
  3006 | D:5      | Reached XP level 8. HP: 29/62 MP: 1/8
  3318 | D:5      | Noticed Sigmund
  3336 | D:5      | Killed Sigmund
  3364 | D:5      | Noticed Dowan
  3365 | D:5      | Noticed Duvessa
  3373 | D:5      | Killed Duvessa
  3374 | D:5      | Reached skill level 7 in Ranged Weapons
  3385 | D:5      | Killed Dowan
  3630 | D:5      | Reached XP level 9. HP: 17/67 MP: 9/9
  4002 | D:5      | Found a glowing silver altar of Zin.
  4332 | D:6      | Found a runed translucent gate.
  4336 | D:6      | Found a runed translucent gate.
  4337 | D:6      | Found a runed translucent gate.
  4337 | D:6      | Noticed Beaer's ghost (novice HOFi)
  4394 | D:6      | Found Hythrutwu's Armour Boutique.
  4425 | D:6      | Found a staircase to the Ecumenical Temple.
  4432 | Temple   | Entered the Ecumenical Temple
  4889 | D:6      | Reached skill level 8 in Ranged Weapons
  4918 | D:6      | Found Dutuyck's Antique Weapon Shop.
  5128 | D:6      | Found Tigy's Antique Armour Shop.
  5328 | D:6      | Found Enodoschai's Antique Weapon Shop.
  5424 | D:6      | Found a hazy altar of Hepliaklqana.
  5681 | D:6      | Killed Beaer's ghost
  5969 | Temple   | Became a worshipper of Fedhas Madash
  6043 | D:6      | Reached XP level 10. HP: 75/80 MP: 10/10
  6101 | D:7      | Reached skill level 9 in Ranged Weapons
  6143 | D:7      | Found a white marble altar of Elyvilon.
  6214 | D:7      | Found Zinithre's Distillery.
  6217 | D:7      | Found Agocudov's Jewellery Shop.
  6218 | D:7      | Found an iron altar of Okawaru.
  6280 | D:7      | Found a shimmering blue altar of Sif Muna.
  6368 | D:7      | Found a sparkling altar of Nemelex Xobeh.
  6539 | D:7      | Reached * piety under Fedhas
  6550 | D:7      | Mangled by a wight

Illustrated notes

Levels and vault maps discovered:
D:1:      dpeg_arrival_rhombi, layout_basic, minmay_heptomino_o4
D:2:      layout_rooms, serial_shops, nicolae_shop_just_a_little_nook, shop,
          nicolae_shop_tiny_real_fake_doors, uniq_jessica
D:3:      layout_loops_ring, gammafunk_temple_overflow_arena,
          shapermc_ecumenical_altar_acropolis
D:4:      layout_basic, dancing_weapons_uskayaw
D:5:      layout_loops_ring, zin_scriptorium, uniq_sigmund, uniq_duvessa
D:6:      layout_layer_cave, mainiacjoe_overflow_alcove_1,
          minmay_temple_entry_mini_moons, serial_shops, nicolae_shop_waterfront,
          shop, shop, shop_statue, gammafunk_ghost_split
D:7:      cheibrodos_statue_roulette, layout_basic,
          mainiacjoe_overflow_brackets, nemelex_altar_shiori,
          mainiacjoe_overflow_cross_hatched, nicolae_elyvilon_temple_path,
          enter_bailey_3, serial_shops, shop, shop, nicolae_shop_peninsula,
          eino_curves_02
Temple:   chequers_temple_sunken

Skill      XL: |  1  2  3  4  5  6  7  8  9 10 |
---------------+-------------------------------+-----
Fighting       | 3 4 5 6 7 8 |  8.8
Dodging        | 3 4 5 6 7 8 |  8.8
Ranged Weapons | 5 6 7 8 9 |  9.5
Stealth        | |  1.2

Action                     |  1- 3 |  4- 6 |  7- 9 | 10-12 || total
---------------------------+-------+-------+-------+-------++-------
  Melee: Dagger            |       |       |    11 |       ||    11
         Punch             |       |       |     1 |       ||     1
   Fire: Shortbow          |    69 |   177 |   306 |   108 ||   660
    Use: Scroll            |     5 |     4 |    13 |       ||    22
         Potion            |       |     1 |     4 |       ||     5
 Armour: Leather armour    |    10 |    20 |    59 |    12 ||   101
         Skin              |       |    47 |    25 |       ||    72
  Dodge: Dodged            |    20 |    50 |   149 |    52 ||   271
